 Dungeon Crawl Stone Soup version 0.31.0-9-g3a7656b989 (webtiles) character file.

Game seed: 13000478755991357513

2215113 Kenran the Minotaur Barricade (level 25, 251/251 HPs)
             Began as a Minotaur Delver on Jan 29, 2024.
             Was an Elder of Jiyva.
             Escaped with the Orb
             ... and 3 runes
             ... and 1 gem!
             The game lasted 01:46:37 (43073 turns).

Kenran the Minotaur Barricade (Minotaur Delver)    Turns: 43073, Time: 01:46:37

Health: 251/251    AC: 48    Str: 30      XL:     25   Next: 0%
Magic:  22/22      EV: 16    Int: 11      God:    Jiyva [****..]
Gold:   1441       SH: 28    Dex:  9 (12) Spells: 24/24 levels left

rFire   + + .        a - +9 demon trident of Overwhelming Force {vamp, *Noise rC+ Str+3}
rCold   + + .        F - +0 tower shield {AC+3}
rNeg    . . .        I - +9 plate armour {Will+}
rPois   +            Q - +2 hat of Tortelloni {rElec rC+ Will+}
rElec   +            O - +1 cloak
rCorr   +            E - +0 pair of gloves "Ontebb" {Rampage rPois rCorr Str-4}
SInv    +            (no boots)
Will    ++++.        N - amulet of reflection Stlth
                     z - ring of Etif {rF+ Str+6}
HPRegen 1.89/turn    W - +4 ring of slaying
MPRegen 0.82/turn

%: reflection, rampage
@: studying 2 skills
A: horns 2, retaliatory headbutt, talons 1, iridescent scales 2, clever 1,
deterioration 1, fire resistance 1, strong-willed 1, shaggy fur 1, weak 1, wild
magic 1, acidic bite, eyeballs 3, gelatinous body 3, translucent skin 3
0: Orb of Zot
}: 3/15 runes: decaying, serpentine, slimy
a: Renounce Religion, Oozemancy, Slimify


You escaped.
You worshipped Jiyva.
Jiyva was greatly pleased with you.
You visited 9 branches of the dungeon, and saw 48 of its levels.
You also visited: Trove, Sewer, Bailey, Ice Cave and Desolation.

You collected 3392 gold pieces.
You spent 1951 gold pieces at shops.

Inventory:

Hand Weapons
 a - the +9 demon trident of Overwhelming Force (weapon) {vamp, *Noise rC+ Str+3}
   (You acquired it on level 5 of the Lair of Beasts)

   Str+3:     It affects your strength (+3).
   rC+:       It protects you from cold.
   *Noise:    It may make a loud noise when swung.
 f - a +5 eveningstar of draining
Armour
 h - the +6 plate armour of Cesikaq {rF+}
   (You found it on level 2 of the Depths)

   rF+:       It protects you from fire.
 E - the +0 pair of gloves "Ontebb" (worn) {Rampage rPois rCorr Str-4}
   (You found it in a bailey)

   Str-4:     It affects your strength (-4).
   rPois:     It protects you from poison rCorr: It protects you from acid and
   corrosion.
   Rampage:   It bestows one free step when moving towards enemies.
 F - a +0 tower shield of protection (worn)
 H - the +2 hat of the Bear Spirit {Spirit, Bear, *Rage Will++}
   (You found it in a bailey)

   Bear:      Going berserk makes the wearer exceptionally tough, and they are
   slowed for a shorter time afterward.
   Will++:    It greatly increases your willpower.
   *Rage:     It berserks you when you make melee attacks (+20% chance).
 I - a +9 plate armour of willpower (worn)
 O - a +1 cloak (worn)
 Q - the +2 hat of Tortelloni (worn) {rElec rC+ Will+}
   (You bought it in a shop on level 1 of the Vaults)

   rC+:       It protects you from cold.
   rElec:     It insulates you from electricity.
   Will+:     It increases your willpower.
 Z - a +2 pair of boots
Jewellery
 b - the amulet of Detoit {Acrobat rPois Str+3 Slay+2}
   (You found it in a treasure trove)

   [amulet of the acrobat]

   Acrobat:   It increases your evasion while moving and waiting.
   Str+3:     It affects your strength (+3).
   Slay+2:    It affects your accuracy & damage with ranged weapons and melee
   (+2).
   rPois:     It protects you from poison
 s - the ring "Waniaj" {rElec rPois rC- MP+9}
   (You found it on level 2 of the Orcish Mines)

   [ring of poison resistance]

   rC-:       It makes you vulnerable to cold.
   rElec:     It insulates you from electricity.
   rPois:     It protects you from poison MP+9: It affects your magic capacity
   (+9).
 u - a +6 ring of strength
 z - the ring of Etif (left hand) {rF+ Str+6}
   (You found it in a treasure trove)

   [ring of protection from fire]

   Str+6:     It affects your strength (+6).
   rF+:       It protects you from fire.
 J - the amulet of Xuwot {Acrobat +Blink +Inv rElec rCorr}
   (You found it in a treasure trove)

   [amulet of the acrobat]

   Acrobat:   It increases your evasion while moving and waiting.
   rElec:     It insulates you from electricity.
   +Inv:      It lets you turn invisible.
   +Blink:    It lets you blink.
   rCorr:     It protects you from acid and corrosion.
 N - an amulet of reflection (around neck)
 U - a +4 ring of protection
 V - a +5 ring of evasion
 W - a +4 ring of slaying (right hand)
Wands
 g - a wand of digging (24)
 t - a wand of mindburst (29)
 x - a wand of flame (36)
 B - a wand of paralysis (25)
 R - a wand of iceblast (13)
Scrolls
 c - 5 scrolls of fog
 e - 3 scrolls of fear
 j - 10 scrolls of teleportation
 k - 6 scrolls of blinking
 q - 7 scrolls of poison {!r}
 w - 3 scrolls of brand weapon
 y - a scroll of silence
 Y - 2 scrolls of summoning
Potions
 i - a potion of berserk rage {!q}
 l - 4 potions of magic
 m - 2 potions of heal wounds {@q2}
 n - 4 potions of invisibility
 o - 16 potions of curing {@q1}
 p - 2 potions of resistance
 r - 4 potions of mutation {!q}
 v - 5 potions of attraction {!q}
 A - 2 potions of ambrosia
 C - 2 potions of cancellation
 D - 6 potions of enlightenment
 P - 4 potions of lignification {!q}
Miscellaneous
 K - a tin of tremorstones (2/2)
 M - a phantom mirror


   Skills:
 + Level 25.7 Fighting
 - Level 5.0(13.8) Axes
 - Level 12.8(13.2) Maces & Flails
 - Level 15.6(16.0) Polearms
 + Level 23.9 Armour
 - Level 15.0 Dodging
 - Level 4.1 Stealth
 O Level 27 Shields
 * Level 16.4 Evocations


You had 24 spell levels left.
You didn't know any spells.
Your spell library contained the following spells:

 Spells                   Type           Power      Damage    Failure   Level
 Foxfire                  Conj/Fire      0%         2x1d4     82%         1
 Kiss of Death            Conj/Necr      0%         2d5       82%         1
 Magic Dart               Conj           0%         1d3       82%         1
 Sandblast                Erth           0%         2d4       82%         1
 Sting                    Conj/Alch      0%         1d3       82%         1
 Blink                    Tloc           0%         N/A       90%         2
 Call Imp                 Summ           0%         N/A       90%         2
 Cigotuvi's Dreadful Rot  Necr/Alch/Air  0%         N/A       90%         2
 Jinxbite                 Hex            0%         N/A       90%         2
 Lesser Beckoning         Tloc           0%         N/A       90%         2
 Sublimation of Blood     Necr           0%         N/A       90%         2
 Confusing Touch          Hex            0%         N/A       99%         3
 Gell's Gravitas          Tloc           0%         N/A       99%         3
 Hailstorm                Conj/Ice       0%         3d5       99%         3
 Passwall                 Erth           0%         N/A       99%         3
 Stone Arrow              Conj/Erth      0%         3d7       99%         3
 Summon Ice Beast         Ice/Summ       0%         N/A       99%         3
 Teleport Other           Tloc           0%         N/A       99%         3
 Tukima's Dance           Hex            0%         N/A       99%         3
 Animate Armour           Summ/Erth      0%         N/A       100%        4
 Animate Dead             Necr           0%         N/A       100%        4
 Brom's Barrelling Bould  Conj/Erth      0%         2d3       100%        4
 Dimensional Bullseye     Hex/Tloc       0%         N/A       100%        4
 Dispel Undead            Necr           0%         3d6       100%        4
 Ignite Poison            Fire/Alch      0%         N/A       100%        4
 Iskenderun's Mystic Bla  Conj/Tloc      0%         2d3       100%        4
 Martyr's Knell           Necr/Summ      0%         N/A       100%        4
 Petrify                  Alch/Erth      0%         N/A       100%        4
 Sticky Flame             Fire/Alch      0%         2d4       100%        4
 Borgnjor's Vile Clutch   Necr/Erth      0%         N/A       100%        5
 Freezing Cloud           Conj/Ice/Air   0%         6-21      100%        5
 Irradiate                Conj/Alch      0%         3d11      100%        5
 Yara's Violent Unravell  Hex/Alch       0%         3d3       100%        5
 Death Channel            Necr           0%         N/A       100%        6
 Sculpt Simulacrum        Ice/Alch       0%         N/A       100%        6
 Enfeeble                 Hex            0%         N/A       100%        7
 Ignition                 Fire           0%         3d3       100%        8
 Lehudib's Crystal Spear  Conj/Erth      0%         10d2      100%        8
 Chain Lightning          Conj/Air       0%         N/A       100%        9
 Fire Storm               Conj/Fire      0%         5d1       100%        9
 Shatter                  Erth           0%         3d5*      100%        9


Dungeon Overview and Level Annotations

Branches:
Dungeon (15/15)            Temple (0/1) D:4            Lair (5/5) D:11
  Swamp (4/4) Lair:2        Snake (4/4) Lair:2        Slime (5/5) Lair:4
    Orc (2/2) D:12            Elf (0/3) Orc:2        Vaults (4/5) D:14
  Crypt (0/3) Vaults:2     Depths (4/4) D:15            Zot (5/5) Depths:4
  Sewer (visited)          Bailey (visited)           IceCv (visited)
Desolation (visited)

Altars:
Fedhas
Gozag
Hepliaklqana
Nemelex Xobeh
Uskayaw
Wu Jian
Xom
Jiyva

Shops:
D:8 :   Orc:2 :?[(   Snake:1 ::=:   Snake:2 [   Vaults:1 **[=   Vaults:2 (
Depths:3 [   Depths:4 ?:**

Portals:
Hell: Depths:1 Depths:2 Depths:3 Depths:4
Abyss: Depths:2 Depths:3 Depths:4
Pandemonium: Depths:2 Depths:3 Depths:4
Ziggurat: Depths:1

Annotations:
Lair:2 3 runed translucent doors, Reubyar's ghost, journeyman MiBe
Lair:5 exclusion: oklob plant
Slime:5 Royal Jelly
Depths:1 exclusion: obsidian statue
Zot:1 exclusion: downstairs
Zot:3 3 runed translucent doors, 5 transporters, Grunn; Heisao's ghost, legendary TrBe


Innate Abilities, Weirdness & Mutations

You have a pair of horns on your head.
You reflexively headbutt those who attack you in melee.
You have sharp toenails.
You are mostly covered in iridescent scales. (AC +4)
Your mind is acute. (Int +4, Str/Dex -1)
Your body sometimes deteriorates upon taking damage.
Your flesh is heat resistant. (rF+)
You are strong-willed. (Will+)
You are covered in fur. (AC +1)
You are weak. (Str -2)
Your spells are a little harder to cast, but a little more powerful.
You have acidic saliva.
Your body is covered in eyes which may confuse attackers. (Acc +7, SInv)
Your gelatinous body deflects attacks. (AC +3, EV +3)
Your transparent skin significantly reduces your foes' accuracy. (Stealth+)


Message History

You headbutt the Hell Sentinel, but do no damage.
The Hell Sentinel is almost dead.
You block the Hell Sentinel's attack. x2
You puncture the Hell Sentinel!
You claw the Hell Sentinel, but do no damage.
You bite the Hell Sentinel.
You kill the Hell Sentinel!
Your slime is starting to congeal.
You have reached level 25!
A mysterious force pulls you upwards. The hatch slams shut behind you.
You feel less slimy.
An Orb Guardian comes into view.
There is a stone staircase leading up here.
You climb upwards.
There is a stone staircase leading down here.
There is a stone staircase leading up here.
You climb upwards.
There is a stone staircase leading down here.
There is a stone staircase leading up here.
You climb upwards.
There is a stone staircase leading down here.
There is a stone staircase leading up here.
You climb upwards.
There is a stone staircase leading down here.
There is an open door here.
You swap places.
You hear a series of splatters.
There is a stone staircase leading up here.
You climb upwards.
There is a stone staircase leading down here.
A large abomination comes into view.
You swap places.
A large abomination is nearby!
A large abomination is nearby!
Something hits the jelly.
The jelly hits something but does no damage.
You swap places.
You swap places.
There is a staircase leading out of the dungeon here.
You have escaped!

##### ####.#.##.##
#######...........
#.......##.####.## #
#####.#####.##.####.# ##
#......J..#.##....).## .#
#.........#.#######.#. .######
#..⌠...⌠..#...........
......######.........#.#######+#.
#...#....J.X.J..@....'...........
#.......##.#.........#.#.........
#...#.#.##.#..⌠...⌠..#.#.........
....#...##.#.........#.#.........
#.....#..###....J...J#...........
#.........######'###############.
....#.#..................# #...
....#........#######.....## #...
..###........# #......####...


You could see a large abomination, 4 neutral jellies (fellow slime) and a
neutral endoplasm (wandering) (fellow slime).

Vanquished Creatures
  Frederick (Depths:3)
  Mennas (Vaults:3)
  2 dread liches
  6 orbs of fire
  2 ancient liches
  2 juggernauts (Depths:3)
  Josephina (Depths:3)
  11 Killer Klowns
  Vashnia (Snake:3)
  A curse toe (Zot:3)
  A caustic shrike (Depths:3)
  11 golden dragons
  Norris (Depths:3)
  A profane servitor (Zot:5)
  A bone dragon (Vaults:2)
  3 electric golems
  26 tentacled monstrosities
  A Hell Sentinel (D:7)
  26 Orb Guardians
  2 walking crystal tomes (Depths:3)
  A walking earthen tome (Depths:3)
  A titan (Depths:3)
  An Ice Fiend (Depths:2)
  2 liches
  5 sphinxes
  5 quicksilver dragons
  A walking frostbound tome (Depths:2)
  Frances (Swamp:2)
  10 death cobs
  5 shadow dragons
  A tengu reaver (Depths:3)
  2 thorn hunters
  7 protean progenitors
  5 draconian knights
  6 nagarajas (Snake:4)
  10 storm dragons
  7 frost giants
  4 draconian monks
  9 draconian shifters
  10 fire giants
  7 vault wardens
  5 ghost moths
  10 draconian scorchers
  A reaper (Depths:1)
  6 orc warlords
  An iron dragon (Depths:3)
  2 imperial myrmidons (Desolation)
  3 draconian stormcallers
  A cacodemon (Zot:1)
  2 draconian annihilators
  12 ironbound preservers
  31 very ugly things
  4 ironbound thunderhulks
  12 stone giants
  2 vampire knights
  2 grey draconians (Depths:4)
  9 green draconians
  4 eleionomae
  11 red draconians
  3 halazid warlocks (Desolation)
  9 black draconians
  2 lorocyprocas
  12 spark wasps
  7 dire elephants
  2 war gargoyles (Vaults:3)
  6 bunyips
  14 purple draconians
  9 yellow draconians
  3 blizzard demons
  8 white draconians
  11 ettins
  A green death (Depths:1)
  A crystal guardian (Desolation)
  5 fire dragons
  2 shambling mangroves
  6 yaktaur captains
  An entropy weaver (Vaults:1)
  3 ragged hierophants (Desolation)
  2 rakshasas
  7 servants of whispers (Desolation)
  2 hell beasts (Depths:1)
  15 peacekeepers
  7 vault guards
  2 salamander tyrants (Snake:2)
  2 ogre magi (D:14)
  7 ice dragons
  4 spriggan air magi (Depths:4)
  28 hydras
  8 ironbound frosthearts
  8 alligators
  3 catoblepae (Lair:5)
  A jorogumo (Depths:4)
  12 anacondas
  15 centaur warriors
  13 naga warriors
  3 death yaks (Lair:5)
  2 boulder beetles
  7 two-headed ogres
  4 deep troll shamans
  5 orc high priests (Orc:2)
  4 deep troll earth magi
  2 tengu warriors
  25 naga sharpshooters
  A soul eater (Depths:1)
  7 hell knights
  A shock serpent (Snake:1)
  5 spriggan berserkers
  6 spriggans
  4 sun demons
  An occultist (Depths:1)
  2 iron trolls
  5 skeletal warriors (D:14)
  5 skysharks
  4 salamander mystics
  9 sixfirhies
  A spark wasp zombie (Depths:2)
  3 goliath frogs
  A storm dragon skeleton (Depths:2)
  48 deep trolls
  9 mana vipers
  2 sun moths (Zot:2)
  3 arcanists
  12 swamp dragons
  5 flayed ghosts
  6 naga ritualists
  3 spriggan druids
  19 lindwurms
  3 bog bodies
  A golden dragon skeleton (Depths:2)
  13 ironbound convokers
  4 necromancers
  11 orc knights
  A wolf spider (shapeshifter) (Depths:3)
  5 orc sorcerers (Orc:2)
  65 ugly things
  A frost giant zombie (Depths:2)
  4 deep elf pyromancers
  5 cyclopes
  16 salamanders
  14 moths of wrath
  9 will-o-the-wisps
  A manticore (D:12)
  4 meliai
  18 naga magi
  18 vault sentinels
  29 elephants
  3 kobold blastminers (Orc:2)
  A titan simulacrum (Depths:3)
  6 guardian serpents
  A molten gargoyle (Desolation)
  46 black mambas
  2 ice statues (IceCv)
  A storm dragon simulacrum (Depths:3)
  2 smoke demons (Depths:1)
  2 centaur skeletons (D:14)
  3 orange demons
  11 cane toads
  Jeremiah (D:7)
  5 ice devils (IceCv)
  2 kobold demonologists
  22 yaktaurs
  A gargoyle (D:11)
  A hellion (Depths:1)
  2 unseen horrors (D:12)
  6 komodo dragons
  3 tengu conjurers
  4 rime drakes
  A tormentor (Depths:3)
  4 anaconda simulacra (IceCv)
  A golden dragon simulacrum (Depths:3)
  6 trolls
  11 tyrant leeches
  42 saltlings (Desolation)
  5 hornets
  20 blink frogs
  A shadow dragon simulacrum (Depths:3)
  Prince Ribbit (D:7)
  A wolf spider simulacrum (D:14)
  A tengu simulacrum (Depths:2)
  21 dream sheep
  A frost giant simulacrum (Depths:2)
  A centaur simulacrum (D:14)
  A dire elephant simulacrum (IceCv)
  3 vampires
  9 wyverns
  4 ynoxinuls
  An ettin skeleton (Depths:2)
  21 yaks
  2 wraiths
  A wyvern (shapeshifter) (D:13)
  8 basilisks
  A steam dragon (D:8)
  2 redbacks (Vaults:1)
  29 vampire mosquitoes
  4 wargs (Orc:2)
  A chaos spawn (Depths:1)
  2 harpy simulacra (IceCv)
  53 nagas
  2 acid dragons
  A glowing shapeshifter skeleton (Depths:2)
  21 swamp worms
  A water moccasin (shapeshifter) (D:14)
  21 water moccasins
  3 hydra simulacra (IceCv)
  7 ice beasts
  52 orc warriors
  A sky beast (D:7)
  3 black bears
  7 swamp drakes
  9 wolves
  A boggart (Vaults:1)
  28 ogres
  9 centaurs
  6 kobold brigands
  13 bullfrogs
  A cane toad simulacrum (IceCv)
  7 scorpions
  7 wights (D:8)
  8 killer bees
  2 electric eels (Snake:3)
  8 vampire bats (Bailey)
  11 howler monkeys
  7 wolf zombies (Bailey)
  A bombardier beetle (D:4)
  29 orc priests
  5 hounds
  A gnoll bouda (D:4)
  A jelly (Sewer)
  2 iguanas (D:5)
  4 sleepcaps
  Natasha (D:4)
  21 orc wizards
  2 boggart skeletons (D:14)
  A spriggan simulacrum (IceCv)
  A polar bear simulacrum (IceCv)
  3 gnolls
  A naga simulacrum (IceCv)
  2 river rats (Sewer)
  15 adders
  2 white imps
  5 ufetubi
  2 dart slugs (D:1)
  92 orcs
  9 endoplasms (Sewer)
  5 giant cockroaches
  2 hobgoblins
  5 quokkas
  11 ball pythons
  6 bats
  3 frilled lizards
  9 goblins
  12 kobolds
  16 orc zombies (Bailey)
  3 rats
  5 aspiring fleshes
1893 creatures vanquished.

Vanquished Creatures (collateral kills)
  A shadow dragon (Depths:4)
  A ragged hierophant (Desolation)
  An ugly thing (D:11)
  A molten gargoyle (Lair:5)
  A gargoyle (Bailey)
  2 saltlings (Desolation)
7 creatures vanquished.

Vanquished Creatures (others)
  An acid blob (Zot:4)
  An azure jelly (Zot:4)
  A ghost moth (Zot:4)
  A draconian annihilator (Zot:5)
  A black draconian (Zot:4)
  A purple draconian (Zot:4)
  A spark wasp (Depths:3)
  An ettin (Vaults:1)
  8 great orbs of eyes
  A yaktaur captain (Vaults:4)
  5 glowing orange brains
  A boulder beetle (Vaults:2)
  A death drake (shapeshifter) (Depths:3)
  A glowing orange brain (shapeshifter) (Vaults:2)
  2 arcanists
  A deep troll (Vaults:1)
  3 ironbound convokers
  A necromancer (Vaults:2)
  A vault sentinel (Vaults:4)
  A cane toad (Lair:3)
  2 yaktaurs (Vaults:4)
  2 bloated husks
  A hornet (Swamp:1)
  3 saltlings (Desolation)
  35 slime creatures
  2 spriggans
  A shadow (D:12)
  A yak (shapeshifter) (Vaults:1)
  A yak (D:12)
  A neqoxec (Depths:1)
  3 acid dragons
  A naga (Snake:4)
  A water moccasin (D:11)
  An ogre (Orc:2)
  3 centaurs
  2 wights
  6 killer bees
  A howler monkey (D:11)
  187 jellies
  2 hounds (D:6)
  A gnoll bouda (D:7)
  4 orc priests
  4 orc wizards
  8 gnolls
  2 adders (D:5)
  13 orcs
  An endoplasm (D:1)
  A giant cockroach (D:4)
  6 kobolds
  4 bats
  A frilled lizard (D:1)
  A goblin (D:2)
  A rat (D:2)
  37 foxfires
374 creatures vanquished.

Grand Total: 2274 creatures vanquished

Notes
Turn   | Place    | Note
-------+----------+-------------------------------------------
     0 | D:5      | Kenran the Minotaur Delver began the quest for the Orb.
     0 | D:5      | Reached XP level 1. HP: 19/19 MP: 0/0
    28 | D:4      | Found an opulent altar of Gozag.
    28 | D:4      | Found a sparkling altar of Nemelex Xobeh.
   216 | D:3      | Reached XP level 2. HP: 26/26 MP: 1/1
   216 | D:3      | Found a glowing drain.
   225 | Sewer    | Entered a sewer
   296 | Sewer    | Reached XP level 3. HP: 31/31 MP: 2/2
   395 | Sewer    | Reached skill level 5 in Maces & Flails
   448 | Sewer    | Reached XP level 4. HP: 2/39 MP: 3/3
   644 | Sewer    | Found a viscous altar of Jiyva.
   660 | Sewer    | Became a worshipper of Jiyva Jyjoguva the Shapeless
   903 | D:1      | Reached * piety under Jiyva
  1042 | D:1      | Reached XP level 5. HP: 45/45 MP: 4/4
  1463 | D:2      | Reached ** piety under Jiyva
  2343 | D:3      | Found a shimmering altar of Xom.
  2676 | D:4      | Reached XP level 6. HP: 26/51 MP: 5/5
  2682 | D:4      | Reached *** piety under Jiyva
  2683 | D:4      | Gained mutation: Your flesh is cold resistant. (rC+)
                  | [Jiyva's grace]
  2683 | D:4      | Gained mutation: Your flesh is very cold resistant. (rC++)
                  | [Jiyva's grace]
  2683 | D:4      | Gained mutation: Your flesh is almost immune to the effects
                  | of cold. (rC+++) [Jiyva's grace]
  2683 | D:4      | Gained mutation: You are covered in slimy tendrils that may
                  | disarm your opponents. [Jiyva's grace]
  2858 | D:4      | Noticed Natasha
  2862 | D:4      | Killed Natasha
  2931 | D:4      | Found a staircase to the Ecumenical Temple.
  3238 | D:5      | Noticed a two-headed ogre
  3386 | D:5      | Noticed an ice beast
  3394 | D:5      | Killed an ice beast
  3395 | D:5      | Reached XP level 7. HP: 57/57 MP: 6/6
  3409 | D:5      | Reached **** piety under Jiyva
  3543 | D:5      | Reached skill level 10 in Maces & Flails
  3957 | D:6      | Reached XP level 8. HP: 63/64 MP: 7/7
  4194 | D:6      | Reached skill level 1 in Armour
  4360 | D:7      | Reached ***** piety under Jiyva
  4424 | D:7      | Identified the +7 hand axe "Tihychaerph" {pain, rElec rPois
                  | rC+ Str-3}
  4452 | D:7      | Reached skill level 1 in Axes
  4463 | D:7      | Reached skill level 5 in Fighting
  4481 | D:7      | Reached XP level 9. HP: 56/74 MP: 8/8
  4532 | D:7      | Noticed Prince Ribbit
  4561 | D:7      | Gained mutation: You possess an exceptional clarity of
                  | mind. [Jiyva's grace]
  4561 | D:7      | Gained mutation: Your body has grown eyes which may confuse
                  | attackers. (Acc +3) [Jiyva's grace]
  4561 | D:7      | Gained mutation: Your body has grown many eyes which may
                  | confuse attackers. (Acc +5) [Jiyva's grace]
  4561 | D:7      | Gained mutation: Your body is covered in eyes which may
                  | confuse attackers. (Acc +7, SInv) [Jiyva's grace]
  4574 | D:7      | Killed Prince Ribbit
  4640 | D:7      | Noticed Jeremiah
  4651 | D:7      | Killed Jeremiah
  4652 | D:7      | Reached skill level 5 in Axes
  4716 | D:7      | Reached skill level 1 in Polearms
  5339 | D:8      | Reached skill level 5 in Polearms
  5410 | D:8      | Found Usaqyeva's Tiny Tomes.
  5411 | D:8      | Found a flagged portal.
  5435 | Bailey   | Entered a bailey
  5556 | Bailey   | Noticed a gargoyle
  5558 | Bailey   | Lost mutation: You possess an exceptional clarity of mind.
                  | [potion of mutation]
  5558 | Bailey   | Lost mutation: You are covered in slimy tendrils that may
                  | disarm your opponents. [potion of mutation]
  5558 | Bailey   | Lost mutation: Your flesh is almost immune to the effects
                  | of cold. (rC+++) [potion of mutation]
  5563 | Bailey   | Killed a gargoyle
  5592 | Bailey   | Reached XP level 10. HP: 86/86 MP: 9/9
  5594 | Bailey   | Found the +2 hat of the Bear Spirit {Spirit, Bear, *Rage
                  | Will++}
  5595 | Bailey   | Identified the +0 pair of gloves "Ontebb" {Rampage rPois
                  | rCorr Str-4}
  6266 | D:8      | Reached ****** piety under Jiyva
  6504 | D:5      | Killed a two-headed ogre
  6505 | D:5      | Reached skill level 10 in Polearms
  6953 | D:9      | Lost mutation: Your flesh is very cold resistant. (rC++)
                  | [Jiyva's grace]
  6953 | D:9      | Lost mutation: Your body is covered in eyes which may
                  | confuse attackers. (Acc +7, SInv) [Jiyva's grace]
  6953 | D:9      | Gained mutation: You possess an exceptional clarity of
                  | mind. [Jiyva's grace]
  6953 | D:9      | Gained mutation: Your rubbery body absorbs attacks. (AC +1,
                  | EV +1) [Jiyva's grace]
  6953 | D:9      | Gained mutation: Your pliable body absorbs attacks. (AC +2,
                  | EV +2) [Jiyva's grace]
  6953 | D:9      | Gained mutation: Your gelatinous body deflects attacks. (AC
                  | +3, EV +3) [Jiyva's grace]
  7025 | D:9      | Reached skill level 1 in Shields
  7036 | D:9      | Reached skill level 1 in Evocations
  7128 | D:9      | Reached XP level 11. HP: 66/94 MP: 10/10
  7378 | D:10     | Entered Level 10 of the Dungeon
  7421 | D:9      | Reached skill level 5 in Armour
  7435 | D:9      | Reached skill level 2 in Shields
  7586 | D:10     | Reached skill level 3 in Shields
  7959 | D:11     | Found a staircase to the Lair.
  7965 | D:11     | Reached skill level 4 in Shields
  8011 | D:11     | Found a frozen archway.
  8034 | IceCv    | Entered an ice cave
  8126 | IceCv    | Noticed a white ugly thing
  8159 | IceCv    | Reached skill level 5 in Shields
  8263 | IceCv    | Reached skill level 10 in Fighting
  8292 | IceCv    | Noticed a bog body
  8292 | IceCv    | Noticed a necromancer
  8300 | IceCv    | Killed a bog body
  8307 | IceCv    | Killed a necromancer
  8308 | IceCv    | Reached skill level 6 in Shields
  8348 | IceCv    | Reached XP level 12. HP: 102/106 MP: 11/11
  8574 | D:11     | Lost mutation: You possess an exceptional clarity of mind.
                  | [Jiyva's grace]
  8574 | D:11     | Lost mutation: Your flesh is cold resistant. (rC+) [Jiyva's
                  | grace]
  8574 | D:11     | Lost mutation: Your body has grown many eyes which may
                  | confuse attackers. (Acc +5) [Jiyva's grace]
  8574 | D:11     | Lost mutation: Your gelatinous body deflects attacks. (AC
                  | +3, EV +3) [Jiyva's grace]
  8574 | D:11     | Gained mutation: You have a pair of large horns on your
                  | head. [Jiyva's grace]
  8574 | D:11     | Gained mutation: Your body has grown many eyes which may
                  | confuse attackers. (Acc +5) [Jiyva's grace]
  8574 | D:11     | Gained mutation: Your body is covered in eyes which may
                  | confuse attackers. (Acc +7, SInv) [Jiyva's grace]
  8574 | D:11     | Gained mutation: You have sharp toenails. [Jiyva's grace]
  8657 | D:11     | Reached skill level 5 in Evocations
  9051 | Lair:1   | Entered Level 1 of the Lair of Beasts
  9113 | Lair:1   | Reached skill level 7 in Shields
  9137 | Lair:1   | You fall into a shaft and drop 1 floor!
  9234 | Lair:2   | Found a staircase to the Swamp.
  9377 | Lair:1   | Reached skill level 8 in Shields
 10033 | Lair:2   | Found a runed translucent gate.
 10033 | Lair:2   | Found a runed translucent gate.
 10033 | Lair:2   | Found a runed translucent gate.
 10098 | Lair:2   | Found a staircase to the Snake Pit.
 10527 | Lair:2   | Noticed Reubyar's ghost (journeyman MiBe)
 10589 | Lair:3   | Lost mutation: You have a pair of large horns on your head.
                  | [Jiyva's grace]
 10589 | Lair:3   | Lost mutation: You have sharp toenails. [Jiyva's grace]
 10589 | Lair:3   | Lost mutation: Your body is covered in eyes which may
                  | confuse attackers. (Acc +7, SInv) [Jiyva's grace]
 10589 | Lair:3   | Lost mutation: Your body has grown many eyes which may
                  | confuse attackers. (Acc +5) [Jiyva's grace]
 10589 | Lair:3   | Lost mutation: Your pliable body absorbs attacks. (AC +2,
                  | EV +2) [Jiyva's grace]
 10589 | Lair:3   | Gained mutation: Your mind is acute. (Int +4, Str/Dex -1)
                  | [Jiyva's grace]
 10589 | Lair:3   | Gained mutation: Your mind is very acute. (Int +8, Str/Dex
                  | -2) [Jiyva's grace]
 10589 | Lair:3   | Gained mutation: You have a small jelly attached to you
                  | that may absorb projectiles. [Jiyva's grace]
 10589 | Lair:3   | Gained mutation: You are strong-willed. (Will+) [Jiyva's
                  | grace]
 10667 | Lair:3   | Reached skill level 9 in Shields
 10754 | Lair:3   | Reached XP level 13. HP: 119/119 MP: 12/12
 11543 | Lair:4   | Found a viscous altar of Jiyva.
 11543 | Lair:4   | Found a staircase to the Slime Pits.
 11557 | Lair:4   | Found a hide-covered altar of Uskayaw.
 11557 | Lair:4   | Found an ornate altar of the Wu Jian Council.
 11760 | Lair:4   | Reached skill level 10 in Armour
 11760 | Lair:4   | Reached skill level 10 in Shields
 12008 | Lair:4   | Gained mutation: You have an increased reservoir of magic.
                  | (+10% MP) [Jiyva's grace]
 12008 | Lair:4   | Gained mutation: You have a considerably increased
                  | reservoir of magic. (+20% MP) [Jiyva's grace]
 12008 | Lair:4   | Gained mutation: You have a greatly increased reservoir of
                  | magic. (+30% MP) [Jiyva's grace]
 12008 | Lair:4   | Gained mutation: Your muscles are strong. (Str +4, Int/Dex
                  | -1) [Jiyva's grace]
 12481 | Lair:5   | Entered Level 5 of the Lair of Beasts
 12785 | Lair:5   | Reached skill level 11 in Shields
 12903 | Lair:5   | Identified a scroll of acquirement
 13052 | Lair:5   | Reached XP level 14. HP: 133/133 MP: 17/17
 13338 | Lair:5   | Reached skill level 12 in Shields
 13393 | Lair:5   | Reached skill level 15 in Fighting
 13599 | Lair:5   | Acquired the +9 demon trident of Overwhelming Force {vamp,
                  | *Noise rC+ Str+3}
 14372 | D:12     | Found a staircase to the Orcish Mines.
 14373 | D:12     | Lost mutation: You have a greatly increased reservoir of
                  | magic. (+30% MP) [Jiyva's grace]
 14373 | D:12     | Lost mutation: You are strong-willed. (Will+) [Jiyva's
                  | grace]
 14373 | D:12     | Lost mutation: Your muscles are strong. (Str +4, Int/Dex
                  | -1) [Jiyva's grace]
 14373 | D:12     | Gained mutation: Your flesh is cold resistant. (rC+)
                  | [Jiyva's grace]
 14373 | D:12     | Gained mutation: Your flesh is very cold resistant. (rC++)
                  | [Jiyva's grace]
 14373 | D:12     | Gained mutation: Your flesh is almost immune to the effects
                  | of cold. (rC+++) [Jiyva's grace]
 14373 | D:12     | Gained mutation: You are covered in slimy tendrils that may
                  | disarm your opponents. [Jiyva's grace]
 14682 | D:13     | Found a hazy altar of Hepliaklqana.
 14713 | D:13     | Reached skill level 5 in Dodging
 15071 | D:13     | Reached skill level 13 in Shields
 15254 | D:14     | Identified the staff "Concordance" {^Fragile rPois Str+5
                  | Int+3 Alchemy}
 15552 | D:14     | Reached XP level 15. HP: 141/141 MP: 17/17
 15658 | D:14     | Found a gate to the Vaults.
 16046 | D:15     | Entered Level 15 of the Dungeon
 16053 | D:15     | Reached skill level 14 in Shields
 16447 | D:15     | Lost mutation: Your mind is very acute. (Int +8, Str/Dex
                  | -2) [Jiyva's grace]
 16447 | D:15     | Lost mutation: Your flesh is almost immune to the effects
                  | of cold. (rC+++) [Jiyva's grace]
 16447 | D:15     | Lost mutation: You have a considerably increased reservoir
                  | of magic. (+20% MP) [Jiyva's grace]
 16447 | D:15     | Lost mutation: Your rubbery body absorbs attacks. (AC +1,
                  | EV +1) [Jiyva's grace]
 16447 | D:15     | Lost mutation: You have a small jelly attached to you that
                  | may absorb projectiles. [Jiyva's grace]
 16447 | D:15     | Gained mutation: Your body has grown many eyes which may
                  | confuse attackers. (Acc +5) [Jiyva's grace]
 16447 | D:15     | Gained mutation: Your body is covered in eyes which may
                  | confuse attackers. (Acc +7, SInv) [Jiyva's grace]
 16447 | D:15     | Gained mutation: Your muscles are strong. (Str +4, Int/Dex
                  | -1) [Jiyva's grace]
 16447 | D:15     | Gained mutation: Your muscles are very strong. (Str +8,
                  | Int/Dex -2) [Jiyva's grace]
 16494 | D:15     | Found a staircase to the Depths.
 16600 | D:15     | Found a sparkling altar of Nemelex Xobeh.
 16715 | Orc:1    | Entered Level 1 of the Orcish Mines
 16789 | Orc:2    | Entered Level 2 of the Orcish Mines
 16928 | Orc:2    | Reached skill level 15 in Shields
 17538 | Orc:2    | Found Wuwkaf's Weapon Boutique.
 17543 | Orc:2    | Reached skill level 10 in Dodging
 17701 | Orc:2    | Found Dapsikim's Armour Shop.
 18029 | Orc:2    | Identified the ring "Waniaj" {rElec rPois rC- MP+9}
 18081 | Orc:2    | Found a staircase to the Elven Halls.
 18331 | Orc:2    | Found Uwkuto Deri's Book Boutique.
 18338 | Orc:2    | Gained mutation: You sometimes lose your temper in combat.
                  | [a neqoxec]
 18372 | Orc:2    | Found Noididia's Magic Scroll Shoppe.
 18401 | Orc:2    | Bought a scroll of blinking for 112 gold pieces
 18401 | Orc:2    | Bought a scroll of fog for 60 gold pieces
 18921 | Snake:1  | Entered Level 1 of the Snake Pit
 18957 | Snake:1  | Reached XP level 16. HP: 151/151 MP: 16/16
 19087 | Snake:1  | Lost mutation: Your muscles are very strong. (Str +8,
                  | Int/Dex -2) [Jiyva's grace]
 19087 | Snake:1  | Lost mutation: Your body is covered in eyes which may
                  | confuse attackers. (Acc +7, SInv) [Jiyva's grace]
 19087 | Snake:1  | Lost mutation: Your body has grown many eyes which may
                  | confuse attackers. (Acc +5) [Jiyva's grace]
 19087 | Snake:1  | Gained mutation: You are covered in fur. (AC +1) [Jiyva's
                  | grace]
 19087 | Snake:1  | Gained mutation: You are covered in thick fur. (AC +2)
                  | [Jiyva's grace]
 19087 | Snake:1  | Gained mutation: Your thick and shaggy fur keeps you warm.
                  | (AC +3, rC+) [Jiyva's grace]
 19087 | Snake:1  | Gained mutation: Your body has grown many eyes which may
                  | confuse attackers. (Acc +5) [Jiyva's grace]
 19449 | Snake:1  | Found Xaduf's Book Shop.
 19451 | Snake:1  | Found Oqewub's Jewellery Emporium.
 19455 | Snake:1  | Found Momiporph's Book Shop.
 19602 | Snake:1  | Found Wanaront's Self-Published Books.
 19916 | Snake:2  | Found Qoekuhaxt's Antique Armour Shoppe.
 20100 | Snake:2  | Lost mutation: You sometimes lose your temper in combat.
                  | [Jiyva's grace]
 20100 | Snake:2  | Lost mutation: Your mind is acute. (Int +4, Str/Dex -1)
                  | [Jiyva's grace]
 20100 | Snake:2  | Lost mutation: Your flesh is very cold resistant. (rC++)
                  | [Jiyva's grace]
 20100 | Snake:2  | Lost mutation: Your flesh is cold resistant. (rC+) [Jiyva's
                  | grace]
 20100 | Snake:2  | Lost mutation: Your thick and shaggy fur keeps you warm.
                  | (AC +3, rC+) [Jiyva's grace]
 20100 | Snake:2  | Lost mutation: Your muscles are strong. (Str +4, Int/Dex
                  | -1) [Jiyva's grace]
 20100 | Snake:2  | Lost mutation: You are covered in slimy tendrils that may
                  | disarm your opponents. [Jiyva's grace]
 20100 | Snake:2  | Gained mutation: Your rubbery body absorbs attacks. (AC +1,
                  | EV +1) [Jiyva's grace]
 20100 | Snake:2  | Gained mutation: Your pliable body absorbs attacks. (AC +2,
                  | EV +2) [Jiyva's grace]
 20100 | Snake:2  | Gained mutation: Your gelatinous body deflects attacks. (AC
                  | +3, EV +3) [Jiyva's grace]
 20100 | Snake:2  | Gained mutation: Your muscles are strong. (Str +4, Int/Dex
                  | -1) [Jiyva's grace]
 20880 | Snake:3  | Noticed Vashnia
 20896 | Snake:3  | Killed Vashnia
 20911 | Snake:3  | Reached XP level 17. HP: 170/170 MP: 17/17
 21013 | Snake:3  | Found the +3 giant club "Skullcrusher" {speed, Str+7}
 21383 | Snake:4  | Entered Level 4 of the Snake Pit
 22501 | Snake:4  | Lost mutation: Your gelatinous body deflects attacks. (AC
                  | +3, EV +3) [Jiyva's grace]
 22501 | Snake:4  | Gained mutation: You have acidic saliva. [Jiyva's grace]
 22501 | Snake:4  | Gained mutation: You are somewhat resistant to further
                  | mutation. [Jiyva's grace]
 22501 | Snake:4  | Gained mutation: You are somewhat resistant to both further
                  | mutation and mutation removal. [Jiyva's grace]
 22501 | Snake:4  | Gained mutation: You are almost entirely resistant to
                  | further mutation and mutation removal. [Jiyva's grace]
 22721 | Snake:4  | Got a serpentine rune of Zot
 22898 | Swamp:1  | Entered Level 1 of the Swamp
 22907 | Lair:2   | Reached skill level 15 in Armour
 22946 | Lair:2   | Reached skill level 16 in Shields
 23604 | Swamp:2  | Noticed Frances
 23617 | Swamp:2  | Killed Frances
 23888 | Swamp:3  | Reached skill level 15 in Polearms
 24099 | Swamp:3  | Lost mutation: You are almost entirely resistant to further
                  | mutation and mutation removal. [Jiyva's grace]
 24099 | Swamp:3  | Lost mutation: You have acidic saliva. [Jiyva's grace]
 24099 | Swamp:3  | Lost mutation: Your body has grown many eyes which may
                  | confuse attackers. (Acc +5) [Jiyva's grace]
 24099 | Swamp:3  | Lost mutation: Your pliable body absorbs attacks. (AC +2,
                  | EV +2) [Jiyva's grace]
 24099 | Swamp:3  | Gained mutation: You are covered in slimy tendrils that may
                  | disarm your opponents. [Jiyva's grace]
 24099 | Swamp:3  | Gained mutation: Armour fits poorly on your pseudopods.
                  | [Jiyva's grace]
 24099 | Swamp:3  | Gained mutation: Armour fits poorly on your large
                  | pseudopods. [Jiyva's grace]
 24099 | Swamp:3  | Gained mutation: Armour fits poorly on your massive
                  | pseudopods. [Jiyva's grace]
 24230 | Swamp:3  | Reached XP level 18. HP: 172/178 MP: 18/18
 24469 | Swamp:4  | Entered Level 4 of the Swamp
 24940 | Swamp:4  | Reached skill level 10 in Evocations
 24942 | Swamp:4  | Noticed a tentacled monstrosity
 25059 | Swamp:4  | Killed a tentacled monstrosity
 25377 | Swamp:4  | Got a decaying rune of Zot
 25409 | Swamp:4  | Reached skill level 17 in Shields
 25759 | Vaults:1 | Entered Level 1 of the Vaults
 25824 | Vaults:1 | Found Acesao's Assorted Antiques.
 25828 | Vaults:1 | Bought a scroll of fog for 152 gold pieces
 25828 | Vaults:1 | Bought a fading hat for 342 gold pieces
 25828 | Vaults:1 | Identified the +2 hat of Tortelloni {rElec rC+ Will+} (You
                  | bought it in a shop on level 1 of the Vaults)
 25852 | Vaults:1 | Found Okeob's General Store.
 26180 | Vaults:1 | Found Jaibergh's Armour Shop.
 26214 | Vaults:1 | Found Lomakyuj's Jewellery Boutique.
 26229 | Vaults:1 | Bought an amulet of reflection for 540 gold pieces
 26365 | Vaults:1 | Identified the +3 scale mail "Joesaah" {rElec rCorr}
 26400 | Vaults:1 | Lost mutation: You are somewhat resistant to both further
                  | mutation and mutation removal. [Jiyva's grace]
 26400 | Vaults:1 | Lost mutation: You are somewhat resistant to further
                  | mutation. [Jiyva's grace]
 26400 | Vaults:1 | Gained mutation: Your mind is acute. (Int +4, Str/Dex -1)
                  | [Jiyva's grace]
 26400 | Vaults:1 | Gained mutation: Your mind is very acute. (Int +8, Str/Dex
                  | -2) [Jiyva's grace]
 26400 | Vaults:1 | Gained mutation: Your translucent skin slightly reduces
                  | your foes' accuracy. (Stealth+) [Jiyva's grace]
 26400 | Vaults:1 | Gained mutation: Your translucent skin reduces your foes'
                  | accuracy. (Stealth+) [Jiyva's grace]
 26490 | Vaults:1 | Found a portal to a secret trove of treasure.
 26975 | Vaults:2 | Reached XP level 19. HP: 185/185 MP: 19/19
 27122 | Vaults:2 | Found Baus's Weapon Shoppe.
 27156 | Vaults:2 | Identified the +1 ring mail of the Lion {Dex+4}
 27320 | Vaults:2 | Reached skill level 18 in Shields
 27821 | Vaults:2 | Lost mutation: You are covered in thick fur. (AC +2)
                  | [Jiyva's grace]
 27821 | Vaults:2 | Lost mutation: Your body has grown eyes which may confuse
                  | attackers. (Acc +3) [Jiyva's grace]
 27821 | Vaults:2 | Lost mutation: Your rubbery body absorbs attacks. (AC +1,
                  | EV +1) [Jiyva's grace]
 27821 | Vaults:2 | Lost mutation: Armour fits poorly on your massive
                  | pseudopods. [Jiyva's grace]
 27821 | Vaults:2 | Lost mutation: You are covered in slimy tendrils that may
                  | disarm your opponents. [Jiyva's grace]
 27821 | Vaults:2 | Gained mutation: You are agile. (Dex +4, Str/Int -1)
                  | [Jiyva's grace]
 27821 | Vaults:2 | Gained mutation: You are very agile. (Dex +8, Str/Int -2)
                  | [Jiyva's grace]
 27821 | Vaults:2 | Gained mutation: You possess an exceptional clarity of
                  | mind. [Jiyva's grace]
 27821 | Vaults:2 | Gained mutation: Armour fits poorly on your massive
                  | pseudopods. [Jiyva's grace]
 27900 | Vaults:2 | Found a staircase to the Crypt.
 27910 | Vaults:2 | Noticed a bone dragon
 27930 | Vaults:2 | Killed a bone dragon
 28727 | Vaults:3 | Noticed Mennas
 28797 | Vaults:3 | Killed Mennas
 28803 | Vaults:3 | Identified the +1 lajatang of Dissent {antimagic, rPois rF-
                  | Str+4 Stlth+}
 28922 | Vaults:3 | Reached skill level 19 in Shields
 29069 | Vaults:3 | Reached skill level 15 in Dodging
 29411 | Vaults:4 | Found a crumbling gateway.
 29431 | Desolati | Entered the Desolation of Salt
 29444 | Desolati | Reached XP level 20. HP: 191/193 MP: 21/21
 29457 | Desolati | Lost mutation: You possess an exceptional clarity of mind.
                  | [Jiyva's grace]
 29457 | Desolati | Lost mutation: Armour fits poorly on your massive
                  | pseudopods. [Jiyva's grace]
 29457 | Desolati | Gained mutation: You have sharp toenails. [Jiyva's grace]
 29457 | Desolati | Gained mutation: You have razor-sharp toenails. [Jiyva's
                  | grace]
 29457 | Desolati | Gained mutation: You have claws for feet. [Jiyva's grace]
 29457 | Desolati | Gained mutation: Your spells are a little harder to cast,
                  | but a little more powerful. [Jiyva's grace]
 29527 | Desolati | Reached skill level 20 in Shields
 29568 | Desolati | Identified the +5 dagger of Leujoemu {elec, rF+}
 29572 | Desolati | Identified the +5 hand axe "Ultimatum" {flame, rF+}
 29597 | Desolati | Got Epe Ziwk's Elucidation of the Virous Arsonist
 29803 | Desolati | Identified the granite talisman of the Leaf {rC- Int+3
                  | Dex+4}
 30028 | Desolati | Identified the +4 chain mail of the Boiling Point {Regen+
                  | Str-3 Int+3}
 31239 | Depths:1 | Entered Level 1 of the Depths
 31291 | Depths:1 | Lost mutation: Your muscles are strong. (Str +4, Int/Dex
                  | -1) [Jiyva's grace]
 31291 | Depths:1 | Lost mutation: Armour fits poorly on your large pseudopods.
                  | [Jiyva's grace]
 31291 | Depths:1 | Gained mutation: You have hidden genetic potential.
                  | [Jiyva's grace]
 31291 | Depths:1 | Gained mutation: You have great hidden genetic potential.
                  | [Jiyva's grace]
 31291 | Depths:1 | Gained mutation: Your spells are harder to cast, but more
                  | powerful. [Jiyva's grace]
 31291 | Depths:1 | Gained mutation: Your spells are much harder to cast, but
                  | much more powerful. [Jiyva's grace]
 31336 | Depths:1 | Found a one-way gateway to a ziggurat.
 31554 | Depths:1 | Reached skill level 21 in Shields
 31952 | Depths:1 | Found a gateway to Hell.
 31965 | Depths:1 | Identified the +7 glaive of Ykiop {venom, rN+ Int+4}
 32539 | Depths:2 | Reached XP level 21. HP: 205/205 MP: 22/22
 32605 | Depths:2 | Found a one-way gate to the infinite horrors of the Abyss.
 32789 | Depths:2 | Identified the +2 plate armour "Unkec" {Int+3}
 32994 | Depths:2 | Lost mutation: You have claws for feet. [Jiyva's grace]
 32994 | Depths:2 | Lost mutation: Your spells are much harder to cast, but
                  | much more powerful. [Jiyva's grace]
 32994 | Depths:2 | Lost mutation: Your translucent skin reduces your foes'
                  | accuracy. (Stealth+) [Jiyva's grace]
 32994 | Depths:2 | Gained mutation: You have acidic saliva. [Jiyva's grace]
 32994 | Depths:2 | Gained mutation: Your body has grown eyes which may confuse
                  | attackers. (Acc +3) [Jiyva's grace]
 32994 | Depths:2 | Gained mutation: Your body has grown many eyes which may
                  | confuse attackers. (Acc +5) [Jiyva's grace]
 32994 | Depths:2 | Gained mutation: Your body is covered in eyes which may
                  | confuse attackers. (Acc +7, SInv) [Jiyva's grace]
 33006 | Depths:2 | Found a one-way gate leading to the halls of Pandemonium.
 33034 | Depths:2 | Identified the +2 pair of gloves of Proximity {Int+2}
 33036 | Depths:2 | Identified the amulet "Mitraify" {Faith rC+}
 33400 | Depths:2 | Reached skill level 22 in Shields
 33438 | Depths:2 | Identified the +6 plate armour of Cesikaq {rF+}
 33971 | Vaults:1 | You paid a toll of a +5 demon blade to enter a treasure
                  | trove
 33972 | Trove    | Entered a treasure trove
 33977 | Trove    | Identified the -1 hat of Conscience {MP+9}
 33978 | Trove    | Identified the +0 hat of Emeix {rPois rCorr Int-3}
 33986 | Trove    | Identified the ring "Bamero" {Str+6 Dex+6}
 33995 | Trove    | Identified the -2 kite shield of Fashionability {Rampage
                  | ^Drain Regen+}
 33996 | Trove    | Identified the amulet of Xuwot {Acrobat +Blink +Inv rElec
                  | rCorr}
 33999 | Trove    | Identified the amulet of Detoit {Acrobat rPois Str+3
                  | Slay+2}
 34012 | Trove    | Identified the ring of Etif {rF+ Str+6}
 34024 | Trove    | Identified the ring of the Median {Will- AC+4 Str+7 Int-3
                  | Stlth+}
 34036 | Trove    | Identified the ring of Gacem {Fly Dex+5}
 34050 | Trove    | Identified the ring of Vops {rC+ SInv}
 34329 | Slime:1  | Entered Level 1 of the Pits of Slime
 34443 | Slime:5  | Entered Level 5 of the Pits of Slime
 34636 | Slime:5  | Noticed the Royal Jelly
 34640 | Slime:5  | Found a viscous altar of Jiyva.
 34646 | Slime:5  | Identified the +3 lajatang "Duig" {freeze, *Slow rElec
                  | rC+++ rN+}
 34667 | Slime:5  | Got a slimy rune of Zot
 34670 | Slime:5  | Identified the +0 troll leather armour of the Skies Above
                  | {rElec Regen+}
 34674 | Slime:5  | Got a starry gem with 255 turns to spare
 34681 | Slime:5  | Found the +4 robe of Folly {Brill Will-∞ Int+8}
 34682 | Slime:5  | Found the +8 whip "Snakebite" {venom, curare, rPois}
 35035 | Depths:3 | Identified the ring of Cerchafes {Ice Will- Dex+4}
 35035 | Depths:3 | Noticed Josephina
 35055 | Depths:3 | Killed Josephina
 35080 | Depths:3 | Gained mutation: You possess an exceptional clarity of
                  | mind. [hidden potential]
 35121 | Depths:3 | You fall into a shaft and drop 1 floor!
 35121 | Depths:4 | Entered Level 4 of the Depths
 35254 | Depths:4 | Found Xinuith's Assorted Antiques.
 35255 | Depths:4 | Found Maviqos's General Store.
 35255 | Depths:4 | Found Oxaek's Book Shoppe.
 35258 | Depths:4 | Found Lotunyex's Magic Scroll Shoppe.
 35276 | Depths:4 | Bought a scroll of identify for 30 gold pieces
 35276 | Depths:4 | Bought a scroll of summoning for 142 gold pieces
 35276 | Depths:4 | Bought a scroll of blinking for 112 gold pieces
 35285 | Depths:4 | Bought a scroll of enchant armour for 337 gold pieces
 35285 | Depths:4 | Bought a scroll of identify for 90 gold pieces
 35292 | Depths:4 | Bought a scroll of identify for 34 gold pieces
 35959 | Depths:4 | Found a blossoming altar of Fedhas.
 36134 | Depths:4 | Noticed a golden dragon
 36149 | Depths:4 | Killed a golden dragon
 36257 | Depths:4 | Found a gate to the Realm of Zot.
 36515 | Depths:3 | Identified the +0 robe of Xurchiq {Harm Int+6}
 36537 | Depths:3 | Reached XP level 22. HP: 185/217 MP: 23/23
 36658 | Depths:3 | Lost mutation: Your body is covered in eyes which may
                  | confuse attackers. (Acc +7, SInv) [Jiyva's grace]
 36658 | Depths:3 | Lost mutation: Armour fits poorly on your pseudopods.
                  | [Jiyva's grace]
 36658 | Depths:3 | Gained mutation: You are partially covered in iridescent
                  | scales. (AC +2) [Jiyva's grace]
 36658 | Depths:3 | Gained mutation: You are mostly covered in iridescent
                  | scales. (AC +4) [Jiyva's grace]
 36658 | Depths:3 | Gained mutation: You are completely covered in iridescent
                  | scales. (AC +6) [Jiyva's grace]
 36658 | Depths:3 | Gained mutation: Your flesh is heat resistant. (rF+)
                  | [Jiyva's grace]
 36692 | Depths:3 | Found Xatan's Armour Boutique.
 36754 | Depths:3 | Noticed a caustic shrike
 36761 | Depths:3 | Noticed a golden dragon
 36767 | Depths:3 | Killed a caustic shrike
 36778 | Depths:3 | Killed a golden dragon
 36778 | Depths:3 | Noticed a golden dragon
 36779 | Depths:3 | Reached skill level 23 in Shields
 36783 | Depths:3 | Killed a golden dragon
 36814 | Depths:3 | Noticed a juggernaut
 36839 | Depths:3 | Killed a juggernaut
 36928 | Depths:3 | Noticed a golden dragon
 36938 | Depths:3 | Killed a golden dragon
 36968 | Depths:3 | Noticed a juggernaut
 36981 | Depths:3 | Killed a juggernaut
 37017 | Depths:3 | Identified the +3 hand axe of Dissolution {elec, *Noise Fly
                  | rCorr Stlth+}
 37224 | Depths:3 | Noticed Norris
 37250 | Depths:3 | Killed Norris
 37251 | Depths:3 | Identified the orb of Pride {*channel, Harm rF+ MP+9 Str+3}
 37251 | Depths:3 | Noticed Frederick
 37262 | Depths:3 | Killed Frederick
 37296 | Depths:3 | Identified the +0 leather armour of the Garden {Slay+2}
 37907 | Zot:1    | Entered Level 1 of the Realm of Zot
 37911 | Zot:1    | Noticed an orb of fire
 37911 | Zot:1    | Lost mutation: You are very agile. (Dex +8, Str/Int -2) [an
                  | orb of fire]
 37962 | Depths:4 | Killed an orb of fire
 37968 | Zot:1    | Reached skill level 24 in Shields
 38432 | Zot:1    | Reached skill level 25 in Shields
 38763 | Zot:2    | Noticed a Killer Klown
 38763 | Zot:2    | Noticed an ancient lich
 38806 | Zot:2    | Noticed a Killer Klown
 38806 | Zot:2    | Noticed a Killer Klown
 38806 | Zot:2    | Noticed a Killer Klown
 38811 | Zot:2    | Noticed a golden dragon
 38876 | Zot:2    | Reached XP level 23. HP: 229/229 MP: 24/24
 39072 | Zot:2    | Killed a Killer Klown
 39119 | Zot:2    | Killed a Killer Klown
 39128 | Zot:2    | Killed a Killer Klown
 39135 | Zot:2    | Reached skill level 26 in Shields
 39193 | Zot:2    | Killed a Killer Klown
 39295 | Zot:2    | Killed an ancient lich
 39592 | Zot:2    | Lost mutation: You have an increased reservoir of magic.
                  | (+10% MP) [Jiyva's grace]
 39592 | Zot:2    | Lost mutation: You have great hidden genetic potential.
                  | [Jiyva's grace]
 39592 | Zot:2    | Lost mutation: You have hidden genetic potential. [Jiyva's
                  | grace]
 39592 | Zot:2    | Gained mutation: Your translucent skin reduces your foes'
                  | accuracy. (Stealth+) [Jiyva's grace]
 39592 | Zot:2    | Gained mutation: Your transparent skin significantly
                  | reduces your foes' accuracy. (Stealth+) [Jiyva's grace]
 39592 | Zot:2    | Gained mutation: You are strong-willed. (Will+) [Jiyva's
                  | grace]
 39592 | Zot:2    | Gained mutation: You are highly strong-willed. (Will++)
                  | [Jiyva's grace]
 39594 | Zot:2    | Noticed an orb of fire
 39599 | Zot:2    | Gained mutation: You are weak. (Str -2) [an orb of fire]
 39609 | Zot:2    | Killed an orb of fire
 39897 | Zot:3    | Found a runed translucent gate.
 39898 | Zot:3    | Found a runed translucent gate.
 39899 | Zot:3    | Found a runed translucent gate.
 39902 | Zot:3    | Noticed Heisao's ghost (legendary TrBe)
 40061 | Zot:3    | Reached skill level 27 in Shields
 40157 | Zot:3    | Noticed a curse toe
 40178 | Zot:3    | Killed a curse toe
 40219 | Zot:3    | Noticed Grunn
 40235 | Zot:3    | Identified the +0 cloak of the Orcish Mines {rF+++ rC-
                  | Str+4}
 40250 | Zot:3    | Found a transporter.
 40251 | Zot:3    | Noticed an orb of fire
 40338 | Zot:3    | Found a transporter.
 40338 | Zot:3    | Found a transporter.
 40340 | Zot:3    | Noticed an orb of fire
 40358 | Zot:3    | Found a transporter.
 40487 | Zot:3    | Found a transporter.
 40598 | Zot:4    | Noticed a curse toe
 40616 | Zot:4    | Slimified a curse toe
 40616 | Zot:4    | a curse toe changed into an acid blob
 40867 | Zot:4    | Reached XP level 24. HP: 240/240 MP: 22/22
 41086 | Zot:5    | Entered Level 5 of the Realm of Zot
 41656 | Zot:5    | Noticed an orb of fire
 41675 | Zot:5    | Lost mutation: You have razor-sharp toenails. [an orb of
                  | fire]
 41680 | Zot:5    | Killed an orb of fire
 41874 | Zot:5    | Noticed a Killer Klown
 41877 | Zot:5    | Noticed a dread lich
 41886 | Zot:5    | Noticed a Killer Klown
 41887 | Zot:5    | Killed a Killer Klown
 41904 | Zot:4    | Killed a dread lich
 41921 | Zot:5    | Killed a Killer Klown
 41994 | Zot:5    | Reached skill level 15 in Evocations
 42005 | Zot:5    | Noticed an ancient lich
 42005 | Zot:5    | Noticed a Killer Klown
 42005 | Zot:5    | Noticed a Killer Klown
 42014 | Zot:5    | Noticed a Killer Klown
 42023 | Zot:5    | Killed an ancient lich
 42029 | Zot:5    | Killed a Killer Klown
 42030 | Zot:5    | Noticed a dread lich
 42032 | Zot:5    | Killed a Killer Klown
 42041 | Zot:5    | Slimified a dread lich
 42041 | Zot:5    | a dread lich changed into an azure jelly
 42050 | Zot:5    | Killed a Killer Klown
 42079 | Zot:5    | Noticed an orb of fire
 42079 | Zot:5    | Noticed a Killer Klown
 42087 | Zot:5    | Gained mutation: You are frail. (-10% HP) [an orb of fire]
 42095 | Zot:5    | Killed an orb of fire
 42108 | Zot:5    | Noticed an orb of fire
 42111 | Zot:5    | Gained mutation: Your body sometimes deteriorates upon
                  | taking damage. [an orb of fire]
 42117 | Zot:5    | Killed an orb of fire
 42126 | Zot:5    | Killed a Killer Klown
 42202 | Zot:5    | Noticed a dread lich
 42208 | Zot:5    | Noticed a Killer Klown
 42238 | Zot:5    | Noticed an orb of fire
 42250 | Zot:5    | Lost mutation: You possess an exceptional clarity of mind.
                  | [an orb of fire]
 42256 | Zot:5    | Killed an orb of fire
 42295 | Zot:5    | Killed a dread lich
 42304 | Zot:5    | Killed a Killer Klown
 42331 | Zot:5    | Got the Orb of Zot
 42334 | Zot:5    | Noticed a Killer Klown
 42349 | Zot:5    | Slimified a Killer Klown
 42349 | Zot:5    | a Killer Klown changed into an acid blob
 42362 | Zot:5    | Lost mutation: You are completely covered in iridescent
                  | scales. (AC +6) [Jiyva's grace]
 42362 | Zot:5    | Lost mutation: You are agile. (Dex +4, Str/Int -1) [Jiyva's
                  | grace]
 42362 | Zot:5    | Lost mutation: Your mind is very acute. (Int +8, Str/Dex
                  | -2) [Jiyva's grace]
 42362 | Zot:5    | Lost mutation: You are frail. (-10% HP) [Jiyva's grace]
 42362 | Zot:5    | Lost mutation: You are highly strong-willed. (Will++)
                  | [Jiyva's grace]
 42362 | Zot:5    | Lost mutation: Your spells are harder to cast, but more
                  | powerful. [Jiyva's grace]
 42362 | Zot:5    | Gained mutation: Your body is covered in eyes which may
                  | confuse attackers. (Acc +7, SInv) [Jiyva's grace]
 42362 | Zot:5    | Gained mutation: Your rubbery body absorbs attacks. (AC +1,
                  | EV +1) [Jiyva's grace]
 42362 | Zot:5    | Gained mutation: Your pliable body absorbs attacks. (AC +2,
                  | EV +2) [Jiyva's grace]
 42362 | Zot:5    | Gained mutation: Your gelatinous body deflects attacks. (AC
                  | +3, EV +3) [Jiyva's grace]
 42714 | Depths:2 | Noticed Tonenane the pandemonium lord
 42963 | D:7      | Reached XP level 25. HP: 235/251 MP: 22/22
 43073 | D:$      | Escaped with the Orb!

Illustrated notes

Levels and vault maps discovered:
D:1:      mushboom_english_gardens, layout_basic
D:2:      layout_loops_corners
D:3:      layout_rooms, brannock_xom_greatest_gift, portal_sewer_entry_d
D:4:      layout_loops_ring, grunt_temple_overflow_opulence,
          minmay_temple_entry_nine_rooms, uniq_natasha
D:5:      layout_basic, minmay_puff
D:6:      minmay_bubble_buster, layout_cave_pools, kennysheep_generic_room_10
D:7:      nicolae_cairo_tiling_large_dashed, layout_gridville, uniq_jeremiah,
          uniq_prince_ribbit1
D:8:      layout_basic, special_room [special_room_orc], enter_bailey_5,
          nicolae_shop_i_like_small_books_too, nrook_loot_triangle
D:9:      layout_long_grid, st_stairs_6
D:10:     layout_rooms
D:11:     layout_gridville, minmay_lair_entry_grove,
          portal_ice_cave_entry_pillars_1
D:12:     layout_roguey, orc_0_dummy, serial_glass, glass_columns_a,
          glass_columns_b
D:13:     layout_basic, nzn_hepliaklqana_mist_gate
D:14:     layout_roguey, hangedman_vaults_entry_quadrant_bands,
          dk_noncrumbling_3
D:15:     hangedman_depths_entry_try_elsewhere_first, layout_rooms,
          nemelex_spade_bored_becter
Lair:1:   layout_roguey, grunt_megastairs_5
Lair:2:   layout_cave_pods, swamp_mist, alex1729_snake_entry_snake,
          gammafunk_ghost_necromancy, chequers_serial_rivers_small_b,
          beast_lair_carwin_10
Lair:3:   layout_hall_layers, grunt_megastairs_1
Lair:4:   layout_small_grid, slime_entry_1, nzn_masters_of_martial_movement,
          grunt_megastairs_2
Lair:5:   hangedman_lair_in_review, layout_gridlike,
          chequers_serial_rivers_micro_b
Swamp:1:  layout_basic_swamp, infiniplex_staircase_pool
Swamp:2:  nicolae_swamp_ascending_descending, layout_falls_marsh,
          evilmike_swamp_ruin_house_3, swamp_pool_3, uniq_frances
Swamp:3:  layout_basic_swamp, nicolae_swamp_stuck_in_the_mud,
          nicolae_swamp_tree_designs
Swamp:4:  swamp_basic_johnstein, layout_basic_swamp, swamp_pool_1_2
Snake:1:  layout_gridlike, nicolae_custom_books, minmay_shop_grove
Snake:2:  layout_grid_maze, minmay_shop_star
Snake:3:  layout_cave_town, serial_bayou_lagoon_a, nicolae_snake_lava_pool,
          uniq_vashnia
Snake:4:  minmay_snake_end_coiled, layout_chambers, lemuel_fruit_tree
Slime:1:  layout_caves, nicolae_slime_phagocytosis
Slime:2:  layout_caves
Slime:3:  layout_caves
Slime:4:  layout_caves
Slime:5:  slime_pit_nicolae_block_by_block
Orc:1:    layout_diamond_mine, serial_shops
Orc:2:    pubby_orc_utopia, serial_shops
Vaults:1: nicolae_vaults_fighting_squares, dpeg_vaults_monster_row, v_rooms_1,
          vaults_room_stairs_pillars, nicolae_vaults_mini_display_case,
          nicolae_vaults_tetromino_L_1, layout_vaults_omnigrid, serial_shops,
          shop, shop_fountains, nicolae_shop_tiny_statue_garden, shop,
          enter_trove_5
Vaults:2: minmay_crypt_entry_nasty_monster, ontoclasm_vaults_hangar, v_misc_10,
          nicolae_vaults_little_squares_3, vaults_mumra_hex, v_rooms_4,
          v_pattern_2, vaults_room_pool, nicolae_vaults_network_quinsquares
          [nicolae_vaults_network_quincunx_subvault,
          nicolae_vaults_network_quincunx_subvault,
          nicolae_vaults_network_quincunx_subvault,
          nicolae_vaults_network_quincunx_subvault], ontoclasm_vaults_twist,
          nicolae_vaults_mush_room, nicolae_vaults_alarming,
          nicolae_vaults_trapezoid_1, layout_vaults_chaotic_city, serial_shops,
          shop_fountains
Vaults:3: hangedman_vaults_unwind, nicolae_vaults_spaceships,
          vaults_room_fancy_cross, ontoclasm_vaults_ring_small,
          hangedman_vaults_capsules, nicolae_vaults_wine_cellar,
          vaults_room_door_hall, nicolae_vaults_border_crossing,
          nicolae_vaults_lightning_bolt, nicolae_vaults_tangram_2,
          nicolae_vaults_shelves_hall, nicolae_vaults_layer_cake_slice,
          layout_vaults_maze_bifur, uniq_mennas
Vaults:4: portal_desolation_entry_twin_temple, vaults_dpeg_diagonal,
          grunt_vaults_hallway_long, hangedman_vaults_cutoff,
          vaults_standard_mumra_enter_the_diamond, nicolae_vaults_heist,
          vaults_room_door_hall, nicolae_vaults_network_barrier, v_misc_3,
          v_misc_19, nicolae_vaults_tangram_1, grunt_vaults_bifocal,
          vaults_dpeg_cross, layout_vaults_ring
Depths:1: layout_cave_shapes, enter_ziggurat_d, grunt_hell_entry_demonic_statue,
          hex_tiny, minmay_alternating_orb, firewood_loft
Depths:2: minmay_the_grid_triangle_9x9_rhombus_thin
          [minmay_the_grid_triangle_9x9_zippers_horizontal,
          minmay_the_grid_triangle_9x9_prize_schism,
          minmay_the_grid_triangle_9x9_zippers_vertical,
          minmay_the_grid_triangle_9x9_negative_grid], layout_cave_shapes,
          rand_demon_pan_entry_3, eino_curves_01, hangedman_tar_grid_catacomb,
          abyss_entry
Depths:3: angbandy_vault, layout_cave_shapes, roderic_roman_lattice, hell_entry,
          grunt_pan_entry_spiral, serial_shops, nicolae_shop_tiny_waterfront,
          abyss_entry, roderic_lattice_octagonal_star, uniq_josephina,
          uniq_frederick, uniq_norris
Depths:4: evilmike_zot_entry_gauntlet, layout_basic, fedhas_altar_1,
          abyss_entry, rand_demon_pan_entry_4, hell_entry, minmay_shoptagon
Zot:1:    layout_basic
Zot:2:    ebering_klown_carousel, layout_basic, regret_index_zot_stipple_split
Zot:3:    gammafunk_the_bubble [the_bubble_gammafunk_roulette], layout_basic,
          gammafunk_ghost_split, uniq_grunn
Zot:4:    layout_gridlike
Zot:5:    layout_cellular_growth, lemuel_baited_zot_trap

Skill      XL: |  1  2  3  4  5  6  7  8  9 10 11 12 13 14 15 16 17 18 19 20 21 22 23 24 |
---------------+-------------------------------------------------------------------------+-----
Maces & Flails | 3 4 5 6 7 9 11 12 | 12.8
Armour         | 3 4 7 9 11 13 14 15 16 18 19 21 22 23 | 23.9
Fighting       | 5 7 8 10 12 14 15 16 20 21 22 24 25 | 25.7
Axes           | 2 5 |  5.0
Polearms       | 6 11 12 13 15 | 15.6
Shields        | 1 6 9 11 13 15 16 17 19 21 22 25 27 | 27.0
Evocations     | 1 4 5 7 8 9 11 12 13 16 | 16.4
Dodging        | 6 10 11 13 15 | 15.0
Stealth        | |  4.1

Action                     |  1- 3 |  4- 6 |  7- 9 | 10-12 | 13-15 | 16-18 | 19-21 | 22-24 | 25-27 || total
---------------------------+-------+-------+-------+-------+-------+-------+-------+-------+-------++-------
  Melee: Mace              |    52 |   159 |    44 |       |       |       |       |       |       ||   255
         Headbutt          |     7 |    30 |    55 |   196 |   356 |   345 |   517 |   544 |       ||  2050
         Punch             |     1 |     1 |     2 |       |       |       |       |       |       ||     4
         Flail             |       |       |    78 |       |       |       |       |       |       ||    78
         Hand axe          |       |       |    61 |       |       |       |       |       |       ||    61
         Trident           |       |       |    98 |   733 |   520 |       |       |       |       ||  1351
         Kick              |       |       |       |    15 |       |       |   578 |   822 |       ||  1415
         Demon trident     |       |       |       |       |   885 |  1510 |  1788 |  1755 |       ||  5938
         Bite              |       |       |       |       |       |    27 |    87 |   317 |       ||   431
         Pseudopods        |       |       |       |       |       |   109 |   497 |     3 |       ||   609
 Invoke: Slimify           |       |       |       |       |       |       |       |     8 |       ||     8
  Evoke: Wand              |       |       |     3 |     1 |       |       |       |     7 |       ||    11
    Use: Potion            |     1 |     1 |     2 |     1 |       |     2 |     1 |    13 |       ||    21
         Scroll            |       |     4 |     1 |     2 |    10 |     7 |    19 |    10 |       ||    53
   Stab: Sleeping          |       |     6 |       |       |       |       |       |       |       ||     6
         Paralysed         |       |       |     8 |       |       |       |       |       |       ||     8
         Confused          |       |       |     1 |    28 |    24 |    20 |    16 |    14 |       ||   103
         Petrified         |       |       |       |       |     4 |       |       |       |       ||     4
         Distracted        |       |       |       |       |     1 |     2 |     4 |       |       ||     7
 Armour: Leather armour    |    30 |    86 |       |       |       |       |       |       |       ||   116
         Chain mail        |       |     9 |   115 |       |       |       |       |       |       ||   124
         Plate armour      |       |       |    61 |   454 |   567 |   546 |   398 |   603 |       ||  2629
  Dodge: Dodged            |    20 |    90 |   100 |   128 |   283 |   747 |   380 |   219 |       ||  1967
  Block: Tower shield      |       |       |       |   536 |   876 |  1240 |  1491 |  1258 |       ||  5401
         Reflection        |       |       |       |       |       |    10 |    88 |    35 |       ||   133
